 Dungeon Crawl Stone Soup version 0.25-a0-287-g56a5b49892 (webtiles) character file.

Game seed: 9570141487700946548, levelgen mode: deterministic

154 MoonlitKnight the Skirmisher (level 5, -5/47 HPs)
             Began as a Hill Orc Fighter on Dec 12, 2019.
             Slain by a gnoll
             ... wielding a +0 halberd
              (9 damage)
             ... on level 4 of the Dungeon.
             The game lasted 00:03:10 (1212 turns).

MoonlitKnight the Skirmisher (Hill Orc Fighter)     Turns: 1212, Time: 00:03:10

Health: -5/47      AC:  7    Str: 20    XL:     5   Next: 36%
Magic:  5/5        EV:  7    Int:  8    God:
Gold:   33         SH:  9    Dex: 10    Spells: 4/4 levels left

rFire    . . .     SeeInvis .   a - +0 war axe
rCold    . . .     Gourm    .   c - +0 shield
rNeg     . . .     Faith    .   b - +0 scale mail
rPois    .         Spirit   .   (no helmet)
rElec    .         Reflect  .   (no cloak)
rCorr    .         Harm     .   (no gloves)
MR       .....                  (no boots)
Stlth    ..........             (no amulet)
HPRegen  0.15/turn              (no ring)
MPRegen  0.09/turn              (no ring)

@: no status effects
A: no striking features
a: no special abilities


You were on level 4 of the Dungeon.
You were not hungry.

You visited 1 branch of the dungeon, and saw 4 of its levels.

You collected 33 gold pieces.

Inventory:

Hand Weapons
 a - a +0 war axe (weapon)
Armour
 b - a +0 scale mail (worn)
 c - a +0 shield (worn)
Scrolls
 e - 2 scrolls of magic mapping {unknown}
 g - 3 scrolls of identify {unknown}
 i - a scroll of enchant weapon {unknown}
 j - a scroll of immolation {unknown}
 k - a scroll of teleportation {unknown}
Potions
 d - a potion of might
Comestibles
 f - 6 rations
 h - 4 chunks of flesh


   Skills:
 + Level 4.7 Fighting
 + Level 4.2 Axes
 + Level 4.3 Armour
 + Level 4.3 Shields


You had 4 spell levels left.
You didn't know any spells.
Your spell library was empty.

Dungeon Overview and Level Annotations

Branches:
Dungeon (4/15)
 Temple: D:4-7

Altars:
Nemelex Xobeh
Sif Muna


Message History

You kill the leopard gecko!
You feel sick.
You are no longer poisoned.
The gnoll hits you from afar with a +0 halberd!
You closely miss the orc. The orc barely misses you.
The gnoll barely misses you.
The gnoll hits you from afar with a +0 halberd.
* * * LOW HITPOINT WARNING * * *
You closely miss the orc. The orc hits you with a +0 mace.
* * * LOW HITPOINT WARNING * * *
You block the gnoll's attack.
The gnoll hits you from afar with a +0 halberd.
* * * LOW HITPOINT WARNING * * *
You slash the orc!
You kill the orc!
You block the gnoll's attack.
The gnoll hits you from afar with a +0 halberd.
* * * LOW HITPOINT WARNING * * *
The gnoll completely misses you. The gnoll hits you with a +0 halberd!
You die...

#. .... #.# ##... #.# #
##...####. #.# ##. ...S#...
######.. ..# #...#.# .....#.# #.#
#...#. #########..#.####.#
#...##### ###.............@g..#
#..$.....
.##.......###.<##g..#####........
..#.......###..##.......o..†.....
..........#......................
.##........................######
.##.......#.#.##...######..#
###.......#.#....).# #..# #
###.#####.#.##.### #..#
#####............# #.?#


You could see 2 gnolls.

Vanquished Creatures
  2 hounds (D:4)
  2 adders
  2 gnolls (D:4)
  An ooze (D:2)
  2 dart slugs
  2 leopard geckos
  2 orcs (D:4)
  A ball python (D:1)
  4 bats (D:1)
  5 goblins (D:1)
  6 hobgoblins
  6 jackals (D:1)
  A frilled lizard (D:2)
  4 kobolds (D:1)
  4 rats
44 creatures vanquished.

Notes
Turn   | Place    | Note
-------+----------+-------------------------------------------
     0 | D:1      | MoonlitKnight the Hill Orc Fighter began the quest for the
                  | Orb.
     0 | D:1      | Reached XP level 1. HP: 19/19 MP: 1/1
    66 | D:1      | Reached XP level 2. HP: 16/27 MP: 2/2
   624 | D:1      | Reached XP level 3. HP: 33/33 MP: 3/3
   940 | D:2      | Found a sparkling altar of Nemelex Xobeh.
   979 | D:2      | You fall into a shaft and drop 2 floors!
   987 | D:4      | Reached XP level 4. HP: 39/41 MP: 4/4
   992 | D:3      | Found a shimmering blue altar of Sif Muna.
  1197 | D:4      | Reached XP level 5. HP: 43/47 MP: 5/5
  1212 | D:4      | Slain by a gnoll

Levels and vault maps discovered:
D:1:      dpeg_arrival_rooms_a, layout_rooms
D:2:      layout_loops_ring, makhleb_heckhound_becter, lemuel_round_altar,
          uniq_jessica
D:3:      layout_basic, nicolae_overflow_hidden_temple
D:4:      lemuel_upstairs_altar, layout_loops_cross, kennysheep_little_box,
          serial_co_window_serial, co_window_of_opportunity_a,
          co_window_cross_1, co_window_corner_a, co_window_corner_a,
          co_window_of_opportunity_a, co_window_of_opportunity_a,
          co_window_paths_b, co_window_broadway_c, co_window_corner_b,
          due_unseen_surprise

Skill      XL: |  1  2  3  4 |
---------------+-------------+-----
Axes           | 3 4 |  4.2
Fighting       | 4 |  4.7
Armour         | 4 |  4.3
Shields        | 4 |  4.3

Action                   |  1- 3 |  4- 6 || total
-------------------------+-------+-------++-------
Melee: War axe           |   133 |    36 ||   169
  Eat: Chunk             |     1 |       ||     1
Armor: Scale mail        |    82 |    14 ||    96
Dodge: Dodged            |    49 |    17 ||    66
Block: Shield            |    84 |    20 ||   104

Table legend:
 A = Non-vault XP
 B = Vault XP
 C = Vault XP percentage of total XP
 D = Non-vault monster count
 E = Vault monster count
 F = Vault count percentage of total count
                 A         B        C        D         E       F
            +---------+---------+-------+---------+---------+-------
      Total |     221 |       0 |   0.0 |      44 |       0 |   0.0
            +---------+---------+-------+---------+---------+-------
        D:1 |      55 |       0 |   0.0 |      30 |       0 |   0.0
        D:2 |      25 |       0 |   0.0 |       5 |       0 |   0.0
        D:4 |     141 |       0 |   0.0 |       9 |       0 |   0.0
            +---------+---------+-------+---------+---------+-------
